 Dungeon Crawl Stone Soup version 0.17-a0-1378-g281efdd (webtiles) character file.

15208 Kidiri the Thaumaturge (level 11, -1/68 HPs)
             Began as a Deep Elf Fire Elementalist on June 14, 2015.
             Was a Priest of Vehumet.
             Slain by a wraith (8 damage)
             ... led by Josephine
             ... on level 4 of the Lair of Beasts.
             The game lasted 02:00:20 (18120 turns).

Kidiri the Thaumaturge (DEFE)                      Turns: 18120, Time: 02:00:20

Health: -1/68      AC:  9    Str:  5    XL:     11   Next: 98%
Magic:  15/28      EV: 16    Int: 24    God:    Vehumet [***...]
Gold:   659        SH:  0    Dex: 17    Spells: 9 memorised, 4 levels left

rFire  + . .     SeeInvis .     s - +1 whip (elec)
rCold  . . .     Clarity  .     i - +2 leather armour {rPois}
rNeg   . . .     SustAt   .     (no shield)
rPois  +         Gourm    .     x - +0 helmet
rElec  .         Spirit   .     r - +1 cloak
rCorr  .         Warding  .     (no gloves)
rMut   .         Stasis   .     (no boots)
MR     +....                    (no amulet)
Stlth  ++++......               d - +2 ring of intelligence
                                L - ring of protection from fire

@: about to teleport, slowed, very slow, somewhat resistant to hostile
enchantments, stealthy
A: thin metallic scales 1, deformed body, robust 1
a: Renounce Religion


You were on level 4 of the Lair of Beasts.
You worshipped Vehumet.
Vehumet was most pleased with you.
You were not hungry.

You visited 3 branches of the dungeon, and saw 14 of its levels.

You collected 659 gold pieces.

Inventory:

Hand weapons
 s - a +1 whip of electrocution (weapon)
 B - a +1 dagger of piercing
 F - a +3 dagger
 M - a +1 dagger of venom
Armour
 g - a +1 leather armour of cold resistance
 i - a +2 leather armour of poison resistance (worn)
 r - a +1 cloak (worn)
 x - a +0 helmet (worn)
Jewellery
 d - a +2 ring of intelligence (right hand)
 h - an uncursed ring of poison resistance
 L - a ring of protection from fire (left hand)
 Q - an uncursed ring of flight
Magical devices
 a - a wand of lightning (7)
 n - a wand of invisibility (1)
 z - a wand of invisibility (4)
 C - a wand of paralysis (12)
 K - a wand of slowing (39)
 O - a wand of random effects (19)
Scrolls
 e - 4 scrolls of recharging
 k - a scroll of fear
 m - 9 scrolls of enchant weapon
 t - 4 scrolls of remove curse
 A - a scroll of amnesia
 J - 2 scrolls of magic mapping
Potions
 f - 5 potions of brilliance
 j - 2 potions of might
 l - 4 potions of agility
 o - a potion of flight
 p - 2 potions of lignification
 q - 4 potions of berserk rage
 u - a potion of ambrosia
 D - 2 potions of curing
 H - a potion of cure mutation
 I - a potion of magic
 P - a potion of haste {unknown}
Books
 b - a book of Flames

   Spells                             Type                      Level
   a - Flame Tongue                   Conjuration/Fire             1
   b - Throw Flame                    Conjuration/Fire             2
   c - Conjure Flame                  Conjuration/Fire             3
   d - Inner Flame                    Hexes/Fire                   3
   e - Sticky Flame                   Conjuration/Fire             4
   f - Fireball                       Conjuration/Fire             5
 w - a book of Clouds

   Spells                             Type                      Level
   a - Mephitic Cloud                 Conjuration/Poison/Air       3
   b - Conjure Flame                  Conjuration/Fire             3
   c - Poisonous Cloud                Conjuration/Poison/Air       6
   d - Freezing Cloud                 Conjuration/Ice/Air          6
   e - Ring of Flames                 Charms/Fire                  7
 y - a book of Cantrips

   Spells                             Type                      Level
   a - Corona                         Hexes                        1
   b - Animate Skeleton               Necromancy                   1
   c - Summon Small Mammal            Summoning                    1
   d - Apportation                    Translocation                1
Comestibles
 c - 11 bread rations
 E - 8 beef jerkies
 N - 13 fruits


   Skills:
 + Level 4.9 Fighting
 + Level 4.4 Armour
 + Level 7.2 Dodging
 + Level 8.1 Stealth
 * Level 11.3 Spellcasting
 * Level 7.6 Conjurations
 + Level 6.8 Hexes
 + Level 4.6 Translocations
 + Level 7.3 Fire Magic
 + Level 5.6 Air Magic
 + Level 5.7 Poison Magic
 + Level 4.1 Evocations


You had 4 spell levels left.
You knew the following spells:

 Your Spells              Type           Power        Failure   Level  Hunger
a - Flame Tongue          Conj/Fire      #####        1%          1    None
b - Throw Flame           Conj/Fire      #####.       1%          2    None
c - Conjure Flame         Conj/Fire      #####...     1%          3    None
d - Inner Flame           Hex/Fire       #####...     1%          3    None
e - Sticky Flame          Conj/Fire      #####...     1%          4    None
f - Fireball              Conj/Fire      #####.....   3%          5    ####...
g - Mephitic Cloud        Conj/Pois/Air  #####...     1%          3    None
h - Apportation           Tloc           #####.....   1%          1    None
i - Poisonous Cloud       Conj/Pois/Air  #####.....   36%         6    #####..


Dungeon Overview and Level Annotations

Branches:
Dungeon (9/15)             Temple (1/1) D:7            Lair (4/8) D:8
  Swamp: Lair:3-6    Shoals: Lair:3-6     Snake: Lair:3-6    Spider: Lair:3-6
    Orc: D:9-12

Altars:
Ashenzari
Cheibriados
Dithmenos
Fedhas
Gozag
Kikubaaqudgha
Makhleb
Nemelex Xobeh
Okawaru
Qazlal
Ru
Sif Muna
Trog
Vehumet
Xom
Yredelemnul
Zin
The Shining One


Innate Abilities, Weirdness & Mutations

You are partially covered in thin metallic scales (AC +2).
Armour fits poorly on your strangely shaped body.
You are robust (+10% HP).


Message History

Aim: a wraith (lightly damaged)
The sticky flame hits the wraith.
The wraith appears unharmed.
The wraith is lightly damaged.
The wraith misses you.
Casting: Sticky Flame
Confirm with . or Enter, or press ? or * to list all spells.
Aiming: Flame Tongue
Press: ? - help, Shift-Dir - straight line, f/p - wraith
Aim: a wraith (lightly damaged)
The flame tongue hits the wraith.
The wraith is heavily damaged.
The wraith hits you.
* * * LOW HITPOINT WARNING * * *
The wraith drains your vigour!
You feel yourself slow down.
* * * LOW HITPOINT WARNING * * *
Unknown command.
Read which item? (? for menu, Esc to quit)
As you read the scroll of teleportation, it crumbles to dust.
You feel strangely unstable. The wraith hits you!
You die...

... ##. #.. ....##.
...##....#........
##.#...........#...
#............ #...
#...#..............
#..#......# #.P#...
#..#...#..# ...#...
#.@##ยงยง...# #.
#... ##.W.$# ..P
..... #.....# ..#
P#... ##....##..##
#.....#...P#
####.........#.
###.............#
##..............#!
#.........<.......


You could see a wraith.

Vanquished Creatures
  Pikel (D:7)
  The ghost of Steifyn the Shield-Bearer, an experienced HOFi of Lugonu (D:8)
  6 black mambas
  6 spiny frogs
  A fire drake (Lair:4)
  A komodo dragon (Lair:2)
  7 polar bears (Lair:2)
  4 yaks
  3 blink frogs (Lair:3)
  The ghost of onwiheg the Poker, an average NaGl (D:3)
  A hungry ghost (D:8)
  A basilisk (Lair:1)
  5 hippogriffs
  A sky beast (D:7)
  2 orc warriors
  5 porcupines
  6 water moccasins
  8 black bears
  An ice beast (D:7)
  2 slaves (D:7)
  5 ogres
  A phantom (D:5)
  7 crocodiles
  A centaur (D:6)
  Blork the orc (D:5)
  9 giant frogs
  4 wights (D:8)
  2 scorpions
  3 killer bees (D:7)
  A centaur zombie (D:6)
  3 crimson imps
  4 orc priests
  A giant frog skeleton (D:5)
  5 hounds
  2 jellies (D:8)
  10 orc wizards
  A centaur skeleton (D:7)
  A giant frog zombie (D:5)
  7 iguanas
  5 worker ants
  9 adders
  18 river rats
  3 shadow imps
  An ooze (D:4)
  2 adder skeletons
  An adder zombie (D:8)
  4 worms
  10 giant geckos
  21 orcs
  17 bats
  A bat skeleton (D:5)
  A bat zombie (D:7)
  7 giant cockroaches
  13 hobgoblins
  9 jackals
  15 kobolds
  5 quokkas
  2 ball pythons
  11 giant newts
  10 goblins
  22 rats
  A plant (Lair:4)
319 creatures vanquished.

Vanquished Creatures (collateral kills)
  A spiny frog (Lair:1)
  A komodo dragon (Lair:1)
  A water moccasin (Lair:1)
  A giant frog (Lair:1)
  An iguana (Lair:1)
5 creatures vanquished.

Vanquished Creatures (others)
  An adder (Lair:4)
  A jackal zombie (D:7)
  A quokka skeleton (D:7)
3 creatures vanquished.

Grand Total: 327 creatures vanquished

Notes
Turn   | Place    | Note
--------------------------------------------------------------
     0 | D:1      | Kidiri the Deep Elf Fire Elementalist began the quest for the Orb.
     0 | D:1      | Reached XP level 1. HP: 10/10 MP: 6/6
   615 | D:1      | Reached XP level 2. HP: 15/15 MP: 4/8
   619 | D:1      | Learned a level 2 spell: Throw Flame
  1116 | D:2      | Reached XP level 3. HP: 18/20 MP: 5/9
  1121 | D:2      | Learned a level 3 spell: Conjure Flame
  1528 | D:2      | Reached skill level 1 in Fighting
  1539 | D:2      | Learned a level 3 spell: Inner Flame
  1795 | D:2      | Found a faded altar to an unknown god.
  1932 | D:2      | Found a sacrificial altar of Ru.
  2559 | D:2      | Reached XP level 4. HP: 25/25 MP: 8/11
  2575 | D:3      | Noticed onwiheg's ghost (average NaGl)
  2713 | D:3      | Killed onwiheg's ghost
  2713 | D:3      | Reached skill level 1 in Armour
  2713 | D:3      | Reached skill level 4 in Spellcasting
  2713 | D:3      | Reached XP level 5. HP: 29/29 MP: 1/13
  3354 | D:3      | Reached XP level 6. HP: 34/34 MP: 13/15
  3493 | D:3      | Learned a level 4 spell: Sticky Flame
  3881 | D:4      | Reached skill level 5 in Dodging
  3881 | D:4      | Reached skill level 6 in Stealth
  3881 | D:4      | Reached skill level 8 in Spellcasting
  3881 | D:4      | Reached skill level 5 in Conjurations
  3881 | D:4      | Reached skill level 5 in Fire Magic
  3881 | D:4      | Reached XP level 7. HP: 38/41 MP: 16/21
  3888 | D:4      | Learned a level 5 spell: Fireball
  3892 | D:4      | Learned a level 3 spell: Mephitic Cloud
  4295 | D:4      | Found a sparkling altar of Nemelex Xobeh.
  4721 | D:4      | Learned a level 1 spell: Apportation
  5049 | D:5      | Entered Level 5 of the Dungeon
  5052 | D:5      | Noticed Blork the orc
  5066 | D:5      | Killed Blork the orc
  5518 | D:5      | Reached XP level 8. HP: 38/47 MP: 22/22
  5993 | D:4      | Reached skill level 1 in Translocations
  7678 | D:6      | You fall through a shaft!
  7678 | D:7      | Found a staircase to the Ecumenical Temple.
  7746 | Temple   | Entered the Ecumenical Temple
  8010 | Temple   | Became a worshipper of Vehumet
  8247 | D:7      | Reached skill level 9 in Spellcasting
  8281 | D:7      | Reached skill level 5 in Hexes
  8281 | D:7      | Reached skill level 1 in Evocations
  8755 | D:7      | Reached XP level 9. HP: 24/52 MP: 20/24
  8922 | D:7      | Noticed Pikel
  8936 | D:7      | Killed Pikel
  9873 | D:8      | Noticed Steifyn's ghost (experienced HOFi)
 10162 | D:8      | Killed Steifyn's ghost
 10494 | D:8      | Acquired Vehumet's first power
 10494 | D:8      | Offered knowledge of Shock by Vehumet.
 10910 | D:8      | Reached XP level 10. HP: 43/56 MP: 17/25
 11231 | D:8      | Learned a level 6 spell: Poisonous Cloud
 11302 | D:8      | Offered knowledge of Throw Frost by Vehumet.
 11337 | D:8      | Found a staircase to the Lair.
 11499 | D:8      | Found a blossoming altar of Fedhas.
 11512 | D:8      | Found a stormy altar of Qazlal.
 11512 | D:8      | Found an opulent altar of Gozag.
 11512 | D:8      | Found a deep blue altar of Sif Muna.
 11513 | D:8      | Found a shadowy altar of Dithmenos.
 11517 | D:8      | Found a shimmering altar of Xom.
 11948 | Lair:1   | Entered Level 1 of the Lair of Beasts
 12576 | Lair:1   | Reached skill level 10 in Spellcasting
 13638 | Lair:2   | Reached skill level 5 in Poison Magic
 13639 | Lair:2   | Noticed a black mamba
 13650 | Lair:2   | Killed a black mamba
 13650 | Lair:2   | Reached XP level 11. HP: 33/62 MP: 12/27
 14539 | Lair:2   | Gained mutation: You are robust (+10% HP). [potion of mutation]
 14539 | Lair:2   | Gained mutation: Armour fits poorly on your strangely shaped body. [potion of mutation]
 14539 | Lair:2   | Offered knowledge of Ignite Poison by Vehumet.
 14540 | Lair:2   | Gained mutation: You are partially covered in thin metallic scales (AC +2). [potion of mutation]
 14540 | Lair:2   | Gained mutation: Your mind is acute. (Int +2) [potion of mutation]
 14540 | Lair:2   | Lost mutation: Your mind is acute. (Int +2) [potion of mutation]
 14544 | Lair:2   | Reached skill level 5 in Air Magic
 15150 | Lair:2   | Acquired Vehumet's second power
 15582 | Lair:2   | Found a shimmering altar of Xom.
 16223 | Lair:3   | Offered knowledge of Static Discharge by Vehumet.
 16734 | Lair:2   | Reached skill level 11 in Spellcasting
 18120 | Lair:4   | Slain by a wraith

Vault maps used:
D:1:      dpeg_arrival_boxorama, minivault_25, nrook_loot_triangle
D:2:      first_bread, ecumenical_altar_1, grunt_ministairs_12, st_stairs_10,
          hangedman_ru_absence
D:3:      solitary_fountain
D:4:      nemelex_dance_club_becter
D:5:      uniq_blork_the_orc
D:7:      minmay_temple_entry_large_hall, uniq_pikel
D:8:      minitemple, due_lair_maze_entry_diamond, grunt_ogre_cave,
          minmay_lizard_king
D:9:      kennysheep_mini, orc_0_dummy
Temple:   oiseaux_autumnal_temple_12
Lair:1:   st_stairs_13, patterned_corridor, grunt_megastairs_5,
          lemuel_fruit_tree, infiniplex_staircase_pool_2
Lair:2:   beast_lair_carwin_large_4, basic_altar
Lair:4:   minmay_snake_entry_six_corridors, serial_bayou_pond_a, uniq_josephine

Action                   |  1- 3 |  4- 6 |  7- 9 | 10-12 || total
-------------------------+-------+-------+-------+-------++-------
Melee: Unarmed           |     3 |       |       |       ||     3
       Whip              |       |    19 |   270 |    80 ||   369
 Cast: Flame Tongue      |    76 |    38 |    85 |   180 ||   379
       Throw Flame       |     6 |     5 |    37 |   124 ||   172
       Conjure Flame     |     1 |     3 |    12 |    20 ||    36
       Mephitic Cloud    |       |       |     8 |    15 ||    23
       Sticky Flame      |       |       |    16 |    26 ||    42
       Inner Flame       |       |       |     2 |     1 ||     3
       Fireball          |       |       |     1 |     7 ||     8
  Use: Scroll            |     9 |     6 |    12 |    15 ||    42
       Potion            |       |     1 |     3 |     8 ||    12
 Stab: Sleeping          |       |     3 |    16 |       ||    19
       Confused          |       |       |     3 |     1 ||     4
  Eat: Chunk             |     5 |     4 |    13 |     8 ||    30
       Meat ration       |       |       |     2 |     3 ||     5
       Royal jelly       |       |       |       |     1 ||     1
       Beef jerky        |       |       |       |     1 ||     1
